 Dungeon Crawl Stone Soup version 0.18.1-50-g88ac8fd (webtiles) character file.

7787 magog001 the Blocker (level 11, -2/97 HPs)
             Began as a Minotaur Fighter on Jan 7, 2018.
             Was an Elder of Nemelex Xobeh.
             Killed from afar by an electric eel (6 damage)
             ... with a bolt of electricity
             ... on level 9 of the Dungeon.
             The game lasted 01:10:23 (10321 turns).

magog001 the Blocker (Minotaur Fighter)            Turns: 10321, Time: 01:10:25

Health: -2/97      AC: 20    Str: 24    XL:     11   Next: 1%
Magic:  10/10      EV:  8    Int: 10    God:    Nemelex Xobeh [****..]
Gold:   777        SH:  2    Dex: 12    Spells: 0 memorised, 10 levels left

rFire  + . .     SeeInvis .     a - +1 war axe
rCold  . . .     Gourm    .     x - +0 plate armour
rNeg   . . .     Faith    .     (no shield)
rPois  .         Spirit   .     (helmet restricted)
rElec  .         Dismiss  .     i - +1 cloak
rCorr  .         Reflect  .     w - +0 pair of gloves
SustAt .         Harm     .     (no boots)
MR     +....                    E - amulet of regeneration
Stlth  ..........               F - ring of protection from magic
                                c - ring of fire

@: brilliant, about to teleport, somewhat resistant to hostile enchantments,
extremely unstealthy
A: retaliatory headbutt, claws 1, horns 2, large bone plates 1, agile 1, blink,
cold resistance 1
a: Blink, Triple Draw, Deal Four, Renounce Religion


You were on level 9 of the Dungeon.
You worshipped Nemelex Xobeh.
Nemelex Xobeh was greatly pleased with you.
You were not hungry.

You visited 2 branches of the dungeon, and saw 11 of its levels.
You also visited: Bailey.

You collected 777 gold pieces.

Inventory:

Hand Weapons
 a - a +1 war axe (weapon)
 u - a +3 arbalest of flaming
Missiles
 b - 7 tomahawks
 t - 14 javelins of returning (quivered)
 H - 5 curare-tipped needles
 M - 12 bolts
Armour
 i - a +1 cloak (worn)
 w - a +0 pair of gloves (worn)
 x - a +0 plate armour (worn)
 I - a +0 shield
Jewellery
 c - a ring of fire (left hand)
 E - an amulet of regeneration (around neck)
 F - a ring of protection from magic (right hand)
Wands
 g - a wand of acid (3/15)
 D - a wand of digging (14/24)
Scrolls
 e - 2 scrolls of identify
 n - 3 scrolls of amnesia
 o - 3 scrolls of teleportation
 p - 2 scrolls of fear
 v - 2 scrolls of remove curse
Potions
 d - a potion of haste
Miscellaneous
 j - a plain deck of destruction {drawn: 1}
 l - a legendary deck of war {drawn: 6}
 r - an ornate deck of destruction
 y - a legendary deck of wonders
 z - an ornate deck of wonders
 A - a plain deck of defence {drawn: 1}
 B - a plain deck of war {drawn: 5}
 G - an ornate deck of escape
 K - a plain deck of escape
 L - a sack of spiders
Comestibles
 f - 6 bread rations
 h - 3 beef jerkies
 k - 13 slices of pizza
 q - 3 meat rations
 s - 7 chunks of flesh
 J - 2 fruits


   Skills:
 * Level 9.5 Fighting
 * Level 10.6 Axes
 + Level 1.7 Throwing
 * Level 9.4 Armour
 - Level 2.0 Dodging
 + Level 1.0 Stealth
 * Level 11.8 Shields
 + Level 1.0 Evocations


You had 10 spell levels left.
You didn't know any spells.

Dungeon Overview and Level Annotations

Branches:
Dungeon (10/15)            Temple (1/1) D:6            Lair (0/8) D:9
    Orc: D:9-12

Altars:
Ashenzari
Cheibriados
Dithmenos
Elyvilon
Fedhas
Gozag
Kikubaaqudgha
Makhleb
Nemelex Xobeh
Okawaru
Pakellas
Qazlal
Ru
Sif Muna
Trog
Vehumet
Xom
Yredelemnul
Zin
The Shining One

Shops:
D:6 *


Innate Abilities, Weirdness & Mutations

You reflexively headbutt those who attack you in melee.
You have a pair of horns on your head.
You have sharp fingernails.
You are partially covered in large bone plates (AC +2, SH +2).
You are agile. (Dex +2)
You can translocate small distances at will.
Your flesh is cold resistant.


Message History

The bolt of electricity misses you.
The bolt of electricity hits the electric eel.
The electric eel completely resists.
Really attack while wielding your +3 arbalest of flaming? [Y]es or [N]o only, please.
Really attack while wielding your +3 arbalest of flaming? [Y]es or [N]o only, please.
Really attack while wielding your +3 arbalest of flaming?
Okay, then.
Your +3 arbalest of flaming stops flaming.
a - a +1 war axe (weapon)
Drink which item? (? for menu, Esc to quit)
Okay, then.
Read which item? (? for menu, Esc to quit)
As you read the scroll of teleportation, it crumbles to dust.
You feel strangely unstable.
The electric eel shoots out a bolt of lightning at you!
The bolt of electricity hits you!
You die...
Your body disappears without a glow.

≈P.≈P≈≈ ≈≈.≈≈≈≈ ≈≈.≈≈≈≈ ##
♣♣≈≈.≈≈≈≈≈≈P≈
#P♣♣♣≈P≈(≈≈≈≈≈≈P♣
P♣P♣≈≈≈P≈≈≈.≈≈≈≈≈P♣
≈≈≈≈≈≈≈≈PP≈.≈≈≈≈≈♣
≈≈≈≈≈≈;≈@;(.≈≈≈PP#
.............≈P≈#
≈≈≈≈≈≈≈≈≈≈≈..≈≈#
♣♣♣♣≈≈≈≈♣♣†..###
≈≈♣♣≈♣♣♣(..### ### #
.....♣≈≈..## ###.####
.........### ####.....#.
#.........#.####.#........
.....##.......##...#.#.....


You could see 2 electric eels.

Vanquished Creatures
  A hill giant (D:10)
  Psyche (D:8)
  4 yaks
  A human (D:8)
  A steam dragon (D:9)
  An eye of draining (D:10)
  11 orc warriors
  A sky beast (D:5)
  4 ogres
  A necrophage (D:8)
  2 phantoms (D:5)
  12 centaurs
  A crocodile (D:8)
  2 big kobolds
  A giant frog (D:6)
  3 scorpions
  8 howler monkeys
  4 wights (D:8)
  An electric eel (D:9)
  2 crimson imps
  A giant frog zombie (D:5)
  A centaur zombie (D:10)
  3 hounds
  2 quasits
  5 orc priests
  A jelly (D:8)
  A giant frog skeleton (D:8)
  A centaur skeleton (D:5)
  4 gnoll shamans (D:3)
  2 iguanas
  Ijyb (D:4)
  9 worker ants
  19 orc wizards
  A killer bee zombie (D:5)
  3 sheep (D:8)
  A hound zombie (D:8)
  A howler monkey zombie (D:10)
  A worker ant zombie (D:10)
  34 gnolls
  7 adders
  An ooze (D:1)
  An adder zombie (D:10)
  3 dart slugs
  4 worms
  6 giant geckos
  67 orcs
  A ball python (D:4)
  3 bats
  5 giant cockroaches
  16 goblins
  5 hobgoblins
  20 jackals
  14 kobolds
  4 quokkas
  12 giant newts
  14 rats
  2 plants (D:2)
338 creatures vanquished.

Vanquished Creatures (collateral kills)
  2 orc warriors (Bailey)
  A gnoll shaman (D:3)
  An orc priest (D:9)
  An orc wizard (D:9)
  A gnoll (D:3)
  An orc (D:9)
7 creatures vanquished.

Vanquished Creatures (others)
  A plant (D:9)
1 creature vanquished.

Grand Total: 346 creatures vanquished

Notes
Turn   | Place    | Note
--------------------------------------------------------------
     0 | D:1      | magog001 the Minotaur Fighter began the quest for the Orb.
     0 | D:1      | Reached XP level 1. HP: 19/19 MP: 0/0
    47 | D:1      | Reached XP level 2. HP: 17/27 MP: 1/1
   107 | D:1      | Reached skill level 4 in Shields
   290 | D:1      | Reached XP level 3. HP: 32/33 MP: 2/2
  1203 | D:2      | Reached skill level 1 in Dodging
  1218 | D:2      | Found a sparkling altar of Nemelex Xobeh.
  1225 | D:2      | Became a worshipper of Nemelex Xobeh the Trickster
  1244 | D:2      | Found a glowing golden altar of the Shining One.
  1345 | D:2      | Received a gift from Nemelex Xobeh
  1547 | D:3      | Found a blossoming altar of Fedhas.
  1549 | D:3      | Found an ancient bone altar of Kikubaaqudgha.
  1572 | D:3      | Reached XP level 4. HP: 32/40 MP: 3/3
  2145 | D:3      | Reached * piety under Nemelex Xobeh
  2283 | D:3      | Reached XP level 5. HP: 46/46 MP: 4/4
  2448 | D:3      | Reached skill level 5 in Shields
  2474 | D:3      | Noticed an ogre
  2498 | D:3      | Killed an ogre
  2498 | D:3      | Reached skill level 5 in Armour
  2498 | D:3      | Reached XP level 6. HP: 17/55 MP: 5/5
  2577 | D:3      | Reached skill level 5 in Fighting
  2732 | D:3      | Reached XP level 7. HP: 40/61 MP: 6/6
  2764 | D:3      | Reached skill level 5 in Axes
  3071 | D:4      | Reached skill level 6 in Shields
  3181 | D:4      | Got a faintly humming leather armour
  3195 | D:4      | Identified the cursed +1 leather armour "Ejoustri" {Dex+2} (You found it on level 4 of the Dungeon)
  3324 | D:4      | Noticed Ijyb
  3339 | D:4      | Killed Ijyb
  3568 | D:4      | Found a stormy altar of Qazlal.
  3686 | D:4      | Found a burning altar of Makhleb.
  3694 | D:4      | Found an iron altar of Okawaru.
  3757 | D:5      | Entered Level 5 of the Dungeon
  3793 | D:5      | Reached XP level 8. HP: 44/70 MP: 7/7
  3917 | D:5      | Gained mutation: You are partially covered in large bone plates (AC +2, SH +2). [potion of mutation]
  3917 | D:5      | Gained mutation: Scrolls take you a little longer to read. [potion of mutation]
  3918 | D:5      | Lost mutation: Scrolls take you a little longer to read. [potion of mutation]
  3918 | D:5      | Gained mutation: You are agile. (Dex +2) [potion of mutation]
  3918 | D:5      | Gained mutation: You can translocate small distances at will. [potion of mutation]
  3959 | D:5      | Gained mutation: You have sharp fingernails. [potion of beneficial mutation]
  4077 | D:5      | Gained mutation: Your flesh is cold resistant. [potion of beneficial mutation]
  4111 | D:5      | Reached skill level 7 in Shields
  4200 | D:5      | Found a sacrificial altar of Ru.
  4349 | D:5      | Found a sparkling altar of Nemelex Xobeh.
  4436 | D:5      | Reached skill level 1 in Stealth
  5005 | D:5      | Found a shattered altar of Ashenzari.
  5477 | D:6      | Found an opulent altar of Gozag.
  5497 | D:6      | Found Gozag's Platinum Reserve.
  5524 | D:6      | Reached ** piety under Nemelex Xobeh
  5640 | D:6      | Found a blossoming altar of Fedhas.
  5736 | D:6      | Received a gift from Nemelex Xobeh
  5748 | D:6      | Reached XP level 9. HP: 74/79 MP: 8/8
  5827 | D:6      | Found a staircase to the Ecumenical Temple.
  5838 | Temple   | Entered the Ecumenical Temple
  6109 | D:6      | Reached skill level 1 in Throwing
  6109 | D:6      | Reached skill level 8 in Shields
  6201 | D:6      | Received a gift from Nemelex Xobeh
  6225 | D:6      | Noticed a moth of wrath
  6229 | D:6      | Found a bloodstained altar of Trog.
  6328 | D:6      | Found an iron altar of Okawaru.
  6853 | D:7      | Found a radiant altar of Vehumet.
  6947 | D:7      | Reached *** piety under Nemelex Xobeh
  6947 | D:7      | Received a gift from Nemelex Xobeh
  7309 | D:8      | Found a flagged portal.
  7345 | D:8      | Found a sand-covered staircase.
  7360 | Bailey   | Entered a bailey
  7557 | Bailey   | Reached skill level 9 in Shields
  8196 | Bailey   | Reached XP level 10. HP: 81/90 MP: 9/9
  8287 | Bailey   | Reached skill level 10 in Shields
  8538 | D:8      | Reached skill level 1 in Evocations
  8620 | D:8      | Noticed Psyche
  8637 | D:8      | Killed Psyche
  9279 | D:8      | Received a gift from Nemelex Xobeh
  9403 | D:9      | Reached skill level 11 in Shields
  9413 | D:9      | Found a staircase to the Lair.
  9519 | D:9      | Reached **** piety under Nemelex Xobeh
  9575 | D:9      | Reached skill level 10 in Axes
  9700 | D:9      | You fall through a shaft!
  9700 | D:10     | Entered Level 10 of the Dungeon
  9939 | D:10     | Received a gift from Nemelex Xobeh
  9984 | D:10     | Noticed a hill giant
 10002 | D:10     | Killed a hill giant
 10188 | D:10     | Reached XP level 11. HP: 97/97 MP: 10/10
 10317 | D:9      | HP: 1/97 [electric eel/bolt of electricity (5)]
 10321 | D:9      | Killed from afar by an electric eel

Skill      XL: |  1  2  3  4  5  6  7  8  9 10 |
---------------+-------------------------------+-----
Armour         | 4 5 6 7 8 9 |  9.4
Shields        | 4 5 6 7 9 11 | 11.8
Dodging        | 1 2 |  2.0
Axes           | 3 4 6 7 9 10 | 10.6
Fighting       | 4 5 6 7 8 9 |  9.5
Stealth        | 1 |  1.0
Throwing       | 1 |  1.7
Evocations     | 1 |  1.0

Action                   |  1- 3 |  4- 6 |  7- 9 | 10-12 || total
-------------------------+-------+-------+-------+-------++-------
Melee: War axe           |   126 |   141 |   510 |   257 ||  1034
       Headbutt          |    19 |    27 |    99 |    60 ||   205
 Fire: Arbalest          |       |       |       |     7 ||     7
Throw: Tomahawk          |       |       |    14 |       ||    14
       Javelin           |       |       |       |     3 ||     3
 Abil: Blink             |       |       |     1 |     2 ||     3
Evoke: Deck              |       |     3 |     8 |     2 ||    13
  Use: Scroll            |       |       |    14 |     5 ||    19
       Potion            |       |       |    14 |     4 ||    18
 Stab: Distracted        |       |     1 |       |       ||     1
       Invisible         |       |       |     5 |       ||     5
       Held in net/web   |       |       |     1 |       ||     1
  Eat: Chunk             |     2 |     3 |    14 |     8 ||    27
       Beef jerky        |       |     1 |     2 |       ||     3
       Fruit             |       |       |     1 |       ||     1
Armor: Scale mail        |    41 |       |       |       ||    41
       Plate armour      |    12 |   116 |   252 |   112 ||   492
       Skin              |       |       |     4 |       ||     4
Dodge: Dodged            |    25 |    34 |   113 |    51 ||   223
Block: Shield            |    61 |    79 |   416 |   182 ||   738
